| TOP OF THE 1ST |
|
Los Angeles Dodgers batting - Pitching for Milwaukee Brewers : LHP Nick Martin
|
|
Pitching: LHP Nick Martin
|
|
|
Batting: RHB Tim Nettles
|
0-0: Ball 1-0: Foul Ball, location: 2F 1-1: Foul Ball, location: 2F 1-2: Foul Ball, location: 2F 1-2: Ball 2-2: Foul Ball, location: 2F 2-2: Ball 3-2: Reached on error, E8 (Flyball, 8RM, EV 88.8 MPH)
|
|
Batting: SHB Shane Marcum
|
0-0: Ball 1-0: Called Strike 1-1: Ball 2-1: Swinging Strike 2-2: SINGLE (Flyball, 7S, EV 91.9 MPH) Tim Nettles to second
|
|
Batting: LHB Lirak Bazhunaishvili
|
0-0: Called Strike 0-1: Called Strike 0-2: Foul Ball, location: 2F 0-2: Strikes out swinging
|
|
Batting: RHB Clay Buchanan
|
0-0: Ball 1-0: Ball 2-0: 3-RUN HOME RUN (Line Drive, 9D, EV 102.5 MPH), Distance : 399 ft
|
|
Batting: SHB Joel Baker
|
0-0: Swinging Strike 0-1: Ball 1-1: Foul Ball, location: 2F 1-2: Foul Ball, location: 2F 1-2: Strikes out swinging
|
|
Batting: RHB Danny Dyer
|
0-0: Foul Ball, location: 2F 0-1: Ball 1-1: Ball 2-1: Ball 3-1: DOUBLE (Line Drive, 7LD, EV 102.5 MPH)
|
|
Batting: RHB Tsutomu Irie
|
0-0: Called Strike 0-1: Ball 1-1: Swinging Strike 1-2: Foul Ball, location: 2F 1-2: Ball 2-2: Ball 3-2: SINGLE (Groundball, 34D, EV 98.1 MPH) Danny Dyer to third Runner from 3rd tries for Home, SAFE, throw by RF to home Tsutomu Irie to second
|
|
Batting: RHB John Piccolo
|
0-0: DOUBLE (Line Drive, 89XD, EV 106.2 MPH) Tsutomu Irie scores
|
|
Batting: SHB Benjamin Brown
|
0-0: Swinging Strike 0-1: DOUBLE (Flyball, 89D, EV 94.4 MPH) John Piccolo scores
|
|
Pitching: RHP Adam McCurdy
|
|
|
Batting: RHB Tim Nettles
|
0-0: Called Strike 0-1: Called Strike 0-2: Ball 1-2: Strikes out looking
|
| Top of the 1st over - 6 runs, 6 hits, 1 error, 1 left on base; Los Angeles 6 - Milwaukee 0 |
| BOTTOM OF THE 1ST |
|
Milwaukee Brewers batting - Pitching for Los Angeles Dodgers : LHP Gavin White
|
|
Pitching: LHP Gavin White
|
|
|
Batting: LHB Jason Peck
|
0-0: Fly out, F9 (Line Drive, 89M, EV 92.5 MPH)
|
|
Batting: RHB Daniel Donovan
|
0-0: Ball 1-0: Ball 2-0: Foul Ball, location: 2F 2-1: Ball 3-1: Foul Ball, location: 2F 3-2: SINGLE (Line Drive, 7S, EV 108.1 MPH)
|
|
Batting: SHB Lewis Thorpe Jr.
|
0-0: Called Strike Passed Ball! Daniel Donovan to second 0-1: Ball 1-1: Foul Ball, location: 2F 1-2: Ball 2-2: Ball 3-2: Foul Ball, location: 2F 3-2: 2-RUN HOME RUN (Flyball, 8RXD, EV 106.2 MPH), Distance : 423 ft
|
|
Batting: RHB Joel Haycock
|
0-0: Fly out, F1 (Line Drive, P, EV 69.4 MPH)
|
|
Batting: RHB Adrian Rudkilde
|
0-0: Ball 1-0: Called Strike 1-1: Swinging Strike 1-2: Ball 2-2: Foul Ball, location: 2F 2-2: Strikes out swinging
|
| Bottom of the 1st over - 2 runs, 2 hits, 0 errors, 0 left on base; Los Angeles 6 - Milwaukee 2 |
| TOP OF THE 2ND |
|
Los Angeles Dodgers batting - Pitching for Milwaukee Brewers : RHP Adam McCurdy
|
|
Batting: SHB Shane Marcum
|
0-0: Called Strike 0-1: Ball 1-1: Fly out, F8 (Flyball, 8RM, EV 87.5 MPH)
|
|
Batting: LHB Lirak Bazhunaishvili
|
0-0: Called Strike 0-1: Foul Ball, location: 2F 0-2: Fly out, F9 (Flyball, 9S, EV 90.0 MPH)
|
|
Batting: RHB Clay Buchanan
|
0-0: Called Strike 0-1: Foul Ball, location: 2F 0-2: Ball 1-2: Ball 2-2: Strikes out swinging
|
| Top of the 2nd over - 0 runs, 0 hits, 0 errors, 0 left on base; Los Angeles 6 - Milwaukee 2 |
| BOTTOM OF THE 2ND |
|
Milwaukee Brewers batting - Pitching for Los Angeles Dodgers : LHP Gavin White
|
|
Batting: RHB Naofumi Ishida
|
0-0: Foul Ball, location: 2F 0-1: Fly out, F4 (Popup, 34S, EV 81.2 MPH)
|
|
Batting: RHB Mike Ball
|
0-0: Ball 1-0: Ball 2-0: Ball 3-0: Base on Balls
|
|
Batting: LHB Eric Klasek
|
0-0: Called Strike 0-1: Called Strike 0-2: Ball 1-2: Ball 2-2: Foul Ball, location: 2F 2-2: Foul Ball, location: 2F 2-2: Foul Ball, location: 2F 2-2: Ground out 5-3 (Groundball, 56, EV 102.5 MPH) Mike Ball to second
|
|
Batting: RHB Jose Morrissey
|
0-0: 2-RUN HOME RUN (Flyball, 78XD, EV 105.6 MPH), Distance : 405 ft
|
|
Batting: LHB Jason Peck
|
0-0: Called Strike 0-1: Swinging Strike 0-2: Ball 1-2: Ball 2-2: Fly out, F7 (Flyball, 78D, EV 98.8 MPH)
|
| Bottom of the 2nd over - 2 runs, 1 hit, 0 errors, 0 left on base; Los Angeles 6 - Milwaukee 4 |
| TOP OF THE 3RD |
|
Los Angeles Dodgers batting - Pitching for Milwaukee Brewers : RHP Adam McCurdy
|
|
Batting: SHB Joel Baker
|
0-0: Called Strike 0-1: Called Strike 0-2: Ball 1-2: Foul Ball, location: 2F 1-2: Ball 2-2: Foul Ball, location: 2F 2-2: Fly out, F8 (Flyball, 8LD, EV 85.6 MPH)
|
|
Batting: RHB Danny Dyer
|
0-0: SINGLE (Line Drive, 4MD, EV 95.6 MPH)
|
|
Batting: RHB Tsutomu Irie
|
0-0: Called Strike 0-1: Called Strike 0-2: Ball 1-2: Ball 2-2: Grounds into double play, 4-6-3 (Groundball, 34, EV 81.9 MPH)
|
| Top of the 3rd over - 0 runs, 1 hit, 0 errors, 0 left on base; Los Angeles 6 - Milwaukee 4 |
| BOTTOM OF THE 3RD |
|
Milwaukee Brewers batting - Pitching for Los Angeles Dodgers : LHP Gavin White
|
|
Batting: RHB Daniel Donovan
|
0-0: Ball 1-0: Called Strike 1-1: Ball 2-1: Ball 3-1: Swinging Strike 3-2: Ground out 4-3 (Groundball, 4M, EV 81.9 MPH)
|
|
Batting: SHB Lewis Thorpe Jr.
|
0-0: Ball 1-0: Called Strike 1-1: Ball 2-1: Swinging Strike 2-2: Strikes out swinging
|
|
Batting: RHB Joel Haycock
|
0-0: Ball 1-0: Foul Ball, location: 2F 1-1: Swinging Strike 1-2: Strikes out swinging
|
| Bottom of the 3rd over - 0 runs, 0 hits, 0 errors, 0 left on base; Los Angeles 6 - Milwaukee 4 |
| TOP OF THE 4TH |
|
Los Angeles Dodgers batting - Pitching for Milwaukee Brewers : RHP Adam McCurdy
|
|
Batting: RHB John Piccolo
|
0-0: Ball 1-0: Ball 2-0: Ball 3-0: Called Strike 3-1: Foul Ball, location: 2F 3-2: Strikes out swinging
|
|
Batting: SHB Benjamin Brown
|
0-0: Called Strike 0-1: Foul Ball, location: 2F 0-2: Foul Ball, location: 2F 0-2: Foul Ball, location: 2F 0-2: Ball 1-2: DOUBLE (Line Drive, 78XD, EV 110.0 MPH)
|
|
Batting: RHB Tim Nettles
|
0-0: Ball 1-0: Called Strike 1-1: Ball 2-1: Ball 3-1: Fly out, F6 (Popup, 6, EV 78.1 MPH)
|
|
Batting: SHB Shane Marcum
|
0-0: Fly out, F8 (Line Drive, 8RM, EV 91.9 MPH)
|
| Top of the 4th over - 0 runs, 1 hit, 0 errors, 1 left on base; Los Angeles 6 - Milwaukee 4 |
| BOTTOM OF THE 4TH |
|
Milwaukee Brewers batting - Pitching for Los Angeles Dodgers : LHP Gavin White
|
|
Batting: RHB Adrian Rudkilde
|
0-0: Ball 1-0: Called Strike 1-1: Called Strike 1-2: Ground out 6-3 (Groundball, 6, EV 81.2 MPH)
|
|
Batting: RHB Naofumi Ishida
|
0-0: Ball 1-0: Ball 2-0: DOUBLE (Line Drive, 89D, EV 114.4 MPH)
|
|
Batting: RHB Mike Ball
|
0-0: Foul Ball, location: 2F 0-1: Ball 1-1: Called Strike 1-2: Fly out, F9 (Flyball, 89M, EV 91.2 MPH) Runner from 2nd tags up, SAFE at 3rd with throw by RF
|
|
Batting: LHB Eric Klasek
|
0-0: Foul Ball, location: 2F 0-1: Ball 1-1: Foul Ball, location: 2F 1-2: Foul Ball, location: 2F 1-2: Strikes out swinging
|
| Bottom of the 4th over - 0 runs, 1 hit, 0 errors, 1 left on base; Los Angeles 6 - Milwaukee 4 |
| TOP OF THE 5TH |
|
Los Angeles Dodgers batting - Pitching for Milwaukee Brewers : RHP Adam McCurdy
|
|
Batting: LHB Lirak Bazhunaishvili
|
0-0: Ball 1-0: Called Strike 1-1: Ball 2-1: Foul Ball, location: 2F 2-2: Strikes out swinging
|
|
Batting: RHB Clay Buchanan
|
0-0: DOUBLE (Line Drive, 89XD, EV 96.2 MPH)
|
|
Pitching: LHP Dale Ahernfeld
|
|
|
Batting: SHB Joel Baker
|
0-0: Foul Ball, location: 2F 0-1: Ground out 6-3 (Groundball, 6, EV 81.2 MPH) Clay Buchanan to third
|
|
Batting: RHB Danny Dyer
|
0-0: Called Strike 0-1: Ball 1-1: Called Strike Steal of home, Clay Buchanan is out
|
| Top of the 5th over - 0 runs, 1 hit, 0 errors, 0 left on base; Los Angeles 6 - Milwaukee 4 |
| BOTTOM OF THE 5TH |
|
Milwaukee Brewers batting - Pitching for Los Angeles Dodgers : LHP Gavin White
|
|
Batting: RHB Jose Morrissey
|
0-0: Ball 1-0: Ball 2-0: Ground out 4-3 (Groundball, 4, EV 90.0 MPH)
|
|
Batting: LHB Jason Peck
|
0-0: Called Strike 0-1: Foul Ball, location: 2F 0-2: Ball 1-2: Ground out U3 (Groundball, 3L, EV 107.5 MPH)
|
|
Batting: RHB Daniel Donovan
|
0-0: Called Strike 0-1: Foul Ball, location: 2F 0-2: Ball 1-2: Fly out, F7 (Flyball, 7LS, EV 86.2 MPH)
|
| Bottom of the 5th over - 0 runs, 0 hits, 0 errors, 0 left on base; Los Angeles 6 - Milwaukee 4 |
| TOP OF THE 6TH |
|
Los Angeles Dodgers batting - Pitching for Milwaukee Brewers : LHP Dale Ahernfeld
|
|
Batting: RHB Danny Dyer
|
0-0: Called Strike 0-1: Ball 1-1: Ball 2-1: Swinging Strike 2-2: Strikes out swinging
|
|
Batting: RHB Tsutomu Irie
|
0-0: Ball 1-0: Foul Ball, location: 2F 1-1: Ball 2-1: Swinging Strike 2-2: Ball 3-2: Base on Balls
|
|
Batting: RHB John Piccolo
|
0-0: Ball 1-0: Called Strike 1-1: Foul Ball, location: 2F 1-2: Strikes out swinging
|
|
Batting: SHB Benjamin Brown
|
0-0: Called Strike 0-1: Foul Ball, location: 2F 0-2: SINGLE (Line Drive, 7LS, EV 98.1 MPH) Tsutomu Irie to second
|
|
Batting: RHB Tim Nettles
|
0-0: Ball 1-0: Ball 2-0: Ball 3-0: Base on Balls Tsutomu Irie to third Benjamin Brown to second
|
|
Batting: SHB Shane Marcum
|
0-0: Called Strike 0-1: SINGLE (Flyball, 8RS, EV 96.9 MPH) Tsutomu Irie scores Benjamin Brown to third Tim Nettles to second Runner from 3rd tries for Home, throw by CF and OUT! 8-2
|
| Top of the 6th over - 1 run, 2 hits, 0 errors, 2 left on base; Los Angeles 7 - Milwaukee 4 |
| BOTTOM OF THE 6TH |
|
Milwaukee Brewers batting - Pitching for Los Angeles Dodgers : LHP Gavin White
|
|
Batting: SHB Lewis Thorpe Jr.
|
0-0: Called Strike 0-1: Ball 1-1: Ball 2-1: Ball 3-1: SINGLE (Flyball, 34D, EV 86.2 MPH)
|
|
Batting: RHB Joel Haycock
|
0-0: Called Strike 0-1: Ball 1-1: Ball 2-1: Ball 3-1: Base on Balls Lewis Thorpe Jr. to second
|
|
Pitching: RHP Chris Geraci
|
|
|
Batting: RHB Adrian Rudkilde
|
0-0: Called Strike 0-1: Hit by Pitch Lewis Thorpe Jr. to third Joel Haycock to second
|
|
Batting: RHB Naofumi Ishida
|
0-0: Swinging Strike 0-1: Ball 1-1: Called Strike 1-2: Strikes out swinging
|
|
Batting: RHB Mike Ball
|
0-0: Ball 1-0: DOUBLE (Flyball, 8RXD, EV 110.6 MPH) Lewis Thorpe Jr. scores Joel Haycock scores Adrian Rudkilde to third Runner from 3rd tries for Home, SAFE, throw by CF to trailing runner, SAFE at third!
|
|
Batting: LHB Eric Klasek
|
0-0: Intentional Walk
|
|
Batting: RHB Jose Morrissey
|
0-0: Foul Ball, location: 2F 0-1: Grounds out, U3 (Groundball, 3L, EV 80.6 MPH) Mike Ball scores
|
|
Batting: LHB Jason Peck
|
0-0: Swinging Strike 0-1: Ball 1-1: Foul Ball, location: 2F 1-2: Strikes out swinging
|
| Bottom of the 6th over - 4 runs, 2 hits, 0 errors, 1 left on base; Los Angeles 7 - Milwaukee 8 |
| TOP OF THE 7TH |
|
Los Angeles Dodgers batting - Pitching for Milwaukee Brewers : LHP Dale Ahernfeld
|
|
Batting: LHB Lirak Bazhunaishvili
|
0-0: Called Strike 0-1: Ball 1-1: Foul Ball, location: 2F 1-2: SINGLE (Groundball, 34D, EV 96.9 MPH)
|
|
Batting: RHB Clay Buchanan
|
0-0: Foul Ball, location: 2F 0-1: Foul Ball, location: 2F 0-2: Ball 1-2: Strikes out swinging
|
|
Batting: SHB Joel Baker
|
0-0: Ball 1-0: Called Strike 1-1: Foul Ball, location: 2F 1-2: Ball Lirak Bazhunaishvili steals 2nd base 2-2: Ball 3-2: Ground out 4-3 (Groundball, 4, EV 76.2 MPH) Lirak Bazhunaishvili to third
|
|
Pitching: RHP Jeff Urry
|
|
|
Batting: LHB Chris Buchan
|
0-0: Fly out, F2 (Popup, 2RF, EV 95.0 MPH)
|
| Top of the 7th over - 0 runs, 1 hit, 0 errors, 1 left on base; Los Angeles 7 - Milwaukee 8 |
| BOTTOM OF THE 7TH |
|
Milwaukee Brewers batting - Pitching for Los Angeles Dodgers : RHP Chris Geraci
|
|
Batting: RHB Daniel Donovan
|
0-0: Foul Ball, location: 2F 0-1: Swinging Strike 0-2: Ball 1-2: Ball 2-2: Foul Ball, location: 2F 2-2: Foul Ball, location: 2F 2-2: Foul Ball, location: 2F 2-2: Strikes out looking
|
|
Batting: SHB Lewis Thorpe Jr.
|
0-0: Called Strike 0-1: Swinging Strike 0-2: Foul Ball, location: 2F 0-2: Ball 1-2: Foul Ball, location: 2F 1-2: Ball 2-2: Foul Ball, location: 2F 2-2: Foul Ball, location: 2F 2-2: SINGLE (Groundball, 6S, EV 66.9 MPH) (infield hit)
|
|
Pitching: LHP J.P. Blair
|
|
|
Batting: RHB Joel Haycock
|
0-0: Ball Lewis Thorpe Jr. steals 2nd base 1-0: Foul Ball, location: 2F 1-1: Ball 2-1: Ball 3-1: Ground out 4-3 (Groundball, 34, EV 105.6 MPH) Lewis Thorpe Jr. to third
|
|
Batting: RHB Adrian Rudkilde
|
0-0: Intentional Walk
|
|
Batting: RHB Naofumi Ishida
|
0-0: Foul Ball, location: 2F 0-1: Foul Ball, location: 2F 0-2: Strikes out swinging
|
| Bottom of the 7th over - 0 runs, 1 hit, 0 errors, 2 left on base; Los Angeles 7 - Milwaukee 8 |
| TOP OF THE 8TH |
|
Los Angeles Dodgers batting - Pitching for Milwaukee Brewers : RHP Jeff Urry
|
|
Batting: RHB Tsutomu Irie
|
0-0: Ball 1-0: Ball 2-0: Ball 3-0: Called Strike 3-1: Base on Balls
|
|
Batting: RHB John Piccolo
|
0-0: Fly out, F7 (Flyball, 78D, EV 90.6 MPH)
|
|
Batting: SHB Benjamin Brown
|
0-0: Called Strike 0-1: Foul Ball, location: 2F 0-2: Ball 1-2: Ball 2-2: Fly out, F5 (Popup, 25, EV 88.8 MPH)
|
|
Batting: RHB Tim Nettles
|
0-0: Foul Ball, location: 2F 0-1: Ball 1-1: Ball 2-1: Fly out, F9 (Flyball, 9, EV 78.8 MPH)
|
| Top of the 8th over - 0 runs, 0 hits, 0 errors, 1 left on base; Los Angeles 7 - Milwaukee 8 |
| BOTTOM OF THE 8TH |
|
Milwaukee Brewers batting - Pitching for Los Angeles Dodgers : LHP J.P. Blair
|
|
Batting: RHB Mike Ball
|
0-0: Ball 1-0: Ball 2-0: Swinging Strike 2-1: Ball 3-1: Ground out 6-3 (Groundball, 6, EV 102.5 MPH)
|
|
Batting: LHB Eric Klasek
|
0-0: Foul Ball, location: 2F 0-1: Ball 1-1: Ball 2-1: Reached on error, E4 (Groundball, 4, EV 97.5 MPH)
|
|
Batting: RHB Jose Morrissey
|
0-0: Intentional Walk
|
|
Batting: LHB Jason Peck
|
0-0: Ball 1-0: Called Strike 1-1: Foul Ball, location: 2F 1-2: Foul Ball, location: 2F 1-2: Foul Ball, location: 2F 1-2: Ball 2-2: Foul Ball, location: 2F 2-2: Fly out, F8 (Flyball, 8LD, EV 89.4 MPH)
|
|
Pitching: RHP Craig Fallon
|
|
|
Batting: RHB Daniel Donovan
|
0-0: Fly out, F3 (Flyball, 3D, EV 91.2 MPH)
|
| Bottom of the 8th over - 0 runs, 0 hits, 1 error, 2 left on base; Los Angeles 7 - Milwaukee 8 |
| TOP OF THE 9TH |
|
Los Angeles Dodgers batting - Pitching for Milwaukee Brewers : RHP Jeff Urry
|
|
Pitching: RHP Victor Munoz
|
|
|
Now at 1B: Jose Morrissey
|
|
|
Now at 2B: Kisho Ito
|
|
|
Batting: SHB Shane Marcum
|
0-0: Called Strike 0-1: Ball 1-1: SINGLE (Line Drive, 6D, EV 95.6 MPH)
|
|
Batting: LHB Lirak Bazhunaishvili
|
0-0: Called Strike 0-1: Ball 1-1: Grounds into double play, 6-4-3 (Groundball, 56, EV 78.8 MPH)
|
|
Batting: RHB Clay Buchanan
|
0-0: Called Strike 0-1: Ground out 6-3 (Groundball, 6, EV 83.1 MPH)
|
| Top of the 9th over - 0 runs, 1 hit, 0 errors, 0 left on base; Los Angeles 7 - Milwaukee 8 |
|